[Event "Kragero Resort B 2020"]
[Site "Kragero"]
[Date "2020.02.22"]
[Round "8.6"]
[White "Nordquelle, Amelia"]
[Black "Solaas, Timian Martinius Man"]
[Result "0-1"]
[ECO "E97"]
[WhiteElo "1768"]
[BlackElo "1741"]
[Annotator "NA"]
[PlyCount "122"]
[EventDate "2020.02.19"]
[EventType "swiss"]
[EventCountry "NOR"]
[SourceTitle "playchess.com"]
[Source "ChessBase"]
[SourceQuality "1"]
[TimeControl "5400+30"]

1. d4 Nf6 2. c4 g6 3. Nc3 Bg7 4. e4 d6 5. Nf3 O-O 6. Be2 e5 7. O-O Nc6 8. d5 Ne7 9. a3 Ne8 10. b4 f5 11. Bb2 f4 12. Re1 h6 13. c5 g5 14. h3 Ng6 15. Nh2 Nf6 16. Ng4 Rf7 17. Nxf6+ Qxf6 18. cxd6 cxd6 19. Rc1 f3 20. Bxf3 Nh4 21. Rc2 Nxf3+ 22. Qxf3 Qxf3 23. gxf3 Rxf3 24. Kg2 Rf6 25. Nd1 Rf7 26. Ne3 Bd7 27. Nc4 Rc8 28. Rec1 Bf8 29. Na5 Rxc2 30. Rxc2 Bb5 31. f3 Kh7 32. Bc1 Kg6 33. Kg3 a6 34. Be3 Ba4 35. Rc1 Bb5 36. Bb6 Be2 37. Rc3 h5 38. Kf2 Bd1 39. Kg3 Bh6 40. Nc4 Bf8 41. Nb2 Be2 42. Kf2 Bb5 43. Ke3 g4 44. hxg4 Bh6+ 45. Kf2 hxg4 46. a4 Bd2 47. Rb3 Bd7 48. Ke2 gxf3+ 49. Kxd2 f2 50. Bxf2 Rxf2+ 51. Ke3 Rh2 52. Nd3 Bxa4 53. Rb1 Rh3+ 54. Kd2 Bb5 55. Nf2 Rf3 56. Ng4 Rd3+ 57. Kc2 Rg3 58. Nxe5+ dxe5 59. Rd1 Ba4+ 60. Kd2 Bxd1 61. d6 Ba4 0-1

[Event "Kragero Resort B 2020"]
[Site "Kragero"]
[Date "2020.02.22"]
[Round "8.7"]
[White "Sejersted, Adrian"]
[Black "Opseth, Oliver"]
[Result "1/2-1/2"]
[ECO "D00"]
[WhiteElo "1788"]
[BlackElo "1894"]
[Annotator "NA"]
[PlyCount "118"]
[EventDate "2020.02.19"]
[EventType "swiss"]
[EventCountry "NOR"]
[SourceTitle "playchess.com"]
[Source "ChessBase"]
[SourceQuality "1"]
[TimeControl "5400+30"]

1. d4 Nf6 2. Nc3 d5 3. Bf4 c6 4. e3 g6 5. Nf3 Bg7 6. Bd3 Nbd7 7. Ne5 Nh5 8. Qf3 Nxf4 9. exf4 O-O 10. g4 Nxe5 11. dxe5 Qa5 12. O-O f5 13. g5 Be6 14. h4 d4 15. Ne2 Bd5 16. Qh3 c5 17. b3 a6 18. a4 Qb4 19. a5 b5 20. axb6 Qxb6 21. h5 h6 22. Qh4 hxg5 23. Qxg5 gxh5 24. Qxh5 Qh6 25. Qxh6 Bxh6 26. Rxa6 Rxa6 27. Bxa6 Bf3 28. Ra1 Kg7 29. Bd3 Rh8 30. Ra7 Bxf4 31. Ng3 Bxe5 32. Rxe7+ Kf6 33. Ra7 Bb8 34. Ra5 f4 35. Rxc5 Be5 36. Be4 fxg3 37. Bxf3 gxf2+ 38. Kxf2 Rh2+ 39. Bg2 Ke6 40. Rc4 Rh8 41. Bf1 Rf8+ 42. Kg1 Bf4 43. Bd3 Be3+ 44. Kg2 Ke5 45. Rc6 Kd5 46. Rg6 Kc5 47. Kg3 Bd2 48. Ra6 Be1+ 49. Kg4 Bd2 50. Ra4 Bc3 51. Rc4+ Kb6 52. b4 Rf7 53. b5 Rc7 54. Ra4 Ra7 55. Ra6+ Rxa6 56. bxa6 Kc7 57. Kf5 Kb6 58. Ke6 Bb2 59. Kd7 Ka7 1/2-1/2

[Event "Kragero Resort B 2020"]
[Site "Kragero"]
[Date "2020.02.22"]
[Round "8.8"]
[White "Skogli, Paal"]
[Black "Sekkingstad, Thomas"]
[Result "0-1"]
[ECO "D15"]
[WhiteElo "1801"]
[BlackElo "1758"]
[Annotator "NA"]
[PlyCount "54"]
[EventDate "2020.02.19"]
[EventType "swiss"]
[EventCountry "NOR"]
[SourceTitle "playchess.com"]
[Source "ChessBase"]
[SourceQuality "1"]
[TimeControl "5400+30"]

1. d4 d5 2. c4 c6 3. Nc3 Nf6 4. Nf3 dxc4 5. e4 b5 6. e5 Nd5 7. Be2 e6 8. O-O Be7 9. Ne4 Nd7 10. a3 Bb7 11. Qc2 c5 12. Be3 Qc7 13. Bg5 cxd4 14. Bxe7 Kxe7 15. Nxd4 a6 16. f4 Ne3 17. Qb1 Nxf1 18. Kxf1 Nxe5 19. Ng3 Rad8 20. Ndf5+ exf5 21. Qxf5 g6 22. Qg5+ f6 23. Qh4 Nd3 24. Bxd3 cxd3 25. Re1+ Kf7 26. Nf5 d2 27. Nh6+ Kg7 0-1

[Event "Kragero Resort B 2020"]
[Site "Kragero"]
[Date "2020.02.22"]
[Round "8.9"]
[White "Digernes, Mikael"]
[Black "Bernstein, Jonas August"]
[Result "1/2-1/2"]
[ECO "B17"]
[WhiteElo "1748"]
[BlackElo "1798"]
[Annotator "NA"]
[PlyCount "122"]
[EventDate "2020.02.19"]
[EventType "swiss"]
[EventCountry "NOR"]
[SourceTitle "playchess.com"]
[Source "ChessBase"]
[SourceQuality "1"]
[TimeControl "5400+30"]

1. e4 c6 2. Nc3 d5 3. Nf3 dxe4 4. Nxe4 Nd7 5. d4 Ngf6 6. Ng3 Qc7 7. Bd3 e6 8. c3 Bd6 9. O-O O-O 10. Re1 b6 11. Qc2 Bb7 12. Bg5 h6 13. Bxf6 Nxf6 14. Ne4 Be7 15. Nxf6+ Bxf6 16. Qe2 c5 17. dxc5 Qxc5 18. Nd2 Qc7 19. Be4 Rad8 20. Rad1 Bg5 21. Nc4 Ba6 22. b3 Bf6 23. Rxd8 Rxd8 24. Rd1 Rxd1+ 25. Qxd1 Bxc4 26. bxc4 Qxc4 27. Qc2 Kf8 28. Bd3 Qxc3 29. Qxc3 Bxc3 30. Kf1 Ke7 31. Ke2 Kd6 32. a4 Kc5 33. Bb5 Kb4 34. Kd3 Be5 35. h3 Ba1 36. g4 a6 37. Be8 f5 38. f4 fxg4 39. hxg4 e5 40. f5 b5 41. axb5 axb5 42. Bc6 Ka5 43. Kc2 Kb4 44. Kd3 Kc5 45. Be4 b4 46. Bf3 b3 47. Bd1 b2 48. Bc2 Kb4 49. Bb1 Kb3 50. Kd2 Kc4 51. Ba2+ Kd4 52. Bb1 e4 53. Ke2 Ke5 54. Ke3 h5 55. gxh5 Kxf5 56. h6 gxh6 57. Bxe4+ Kg4 58. Kf2 Kh3 59. Kg1 Kg3 60. Bh7 h5 61. Bb1 h4 {[%emt 0:00:04] Kf2+} 1/2-1/2

[Event "Kragero Resort B 2020"]
[Site "Kragero"]
[Date "2020.02.22"]
[Round "8.10"]
[White "Aasen, Kjetil Myrlid"]
[Black "Bronmo, Askild Skovgaard"]
[Result "1-0"]
[ECO "A67"]
[WhiteElo "1892"]
[BlackElo "1500"]
[Annotator "NA"]
[PlyCount "75"]
[EventDate "2020.02.19"]
[EventType "swiss"]
[EventCountry "NOR"]
[SourceTitle "playchess.com"]
[Source "ChessBase"]
[SourceQuality "1"]
[TimeControl "5400+30"]

1. d4 Nf6 2. c4 c5 3. d5 e6 4. Nc3 exd5 5. cxd5 d6 6. e4 g6 7. f4 Bg7 8. Bb5+ Nfd7 9. a4 a6 10. Bd3 Qh4+ 11. g3 Qd8 12. Nf3 O-O 13. O-O Nf6 14. Kg2 Bg4 15. h3 Bxf3+ 16. Qxf3 Nbd7 17. Re1 Qc7 18. b3 Qa5 19. Bd2 Nxd5 20. Nxd5 Qxd2+ 21. Re2 Qxe2+ 22. Qxe2 Bxa1 23. Qg4 Rad8 24. Bc4 Nf6 25. Nxf6+ Bxf6 26. h4 Rfe8 27. Bd5 Re7 28. h5 Kg7 29. Qh3 h6 30. Qg4 Kh7 31. Bxf7 Bg7 32. Qxg6+ Kh8 33. Bd5 b5 34. axb5 axb5 35. f5 Be5 36. f6 Rh7 37. f7 Bg7 38. Be6 1-0

[Event "Kragero Resort B 2020"]
[Site "Kragero"]
[Date "2020.02.22"]
[Round "8.11"]
[White "Amundsen, Ask"]
[Black "Haugen, Lars Tormod"]
[Result "1-0"]
[ECO "B34"]
[WhiteElo "1707"]
[BlackElo "1598"]
[Annotator "NA"]
[PlyCount "86"]
[EventDate "2020.02.19"]
[EventType "swiss"]
[EventCountry "NOR"]
[SourceTitle "playchess.com"]
[Source "ChessBase"]
[SourceQuality "1"]
[TimeControl "5400+30"]

1. e4 c5 2. Nf3 g6 3. d4 cxd4 4. Nxd4 Bg7 5. Nc3 Nc6 6. Be3 Nf6 7. f3 O-O 8. Qd2 d5 9. Nxc6 bxc6 10. exd5 Nxd5 11. Nxd5 cxd5 12. O-O-O Rb8 13. Bd4 Bxd4 14. Qxd4 Be6 15. h4 Qb6 16. h5 Qxd4 17. Rxd4 g5 18. Bd3 Rb6 19. g4 Rfb8 20. b3 Rb4 21. Rxb4 Rxb4 22. Kd2 h6 23. Rc1 Rf4 24. Ke2 d4 25. c4 dxc3 26. Rxc3 Bd5 27. Bc4 Bb7 28. Bb5 f5 29. Bd7 fxg4 30. Bxg4 Rb4 31. Be6+ Kg7 32. Rc7 Kf6 33. Bc4 Rb6 34. a4 a5 35. Rc5 e5 36. Rxa5 Kf5 37. Ke3 Rf6 38. Rb5 Bc6 39. Rb6 Be8 40. Bd3+ e4 41. Bxe4+ Ke5 42. Rxf6 Kxf6 43. a5 Bb5 1-0

[Event "Kragero Resort B 2020"]
[Site "Kragero"]
[Date "2020.02.22"]
[Round "8.12"]
[White "Heitun, Odd Gunnar"]
[Black "Shehzad, Alisha"]
[Result "0-1"]
[ECO "E24"]
[WhiteElo "1599"]
[BlackElo "1705"]
[Annotator "NA"]
[PlyCount "110"]
[EventDate "2020.02.19"]
[EventType "swiss"]
[EventCountry "NOR"]
[SourceTitle "playchess.com"]
[Source "ChessBase"]
[SourceQuality "1"]
[TimeControl "5400+30"]

1. d4 Nf6 2. c4 e6 3. Nc3 Bb4 4. a3 Bxc3+ 5. bxc3 c5 6. Bd2 Nc6 7. Nf3 d6 8. g3 O-O 9. Bg2 Qd7 10. Qc2 Na5 11. dxc5 Nxc4 12. cxd6 Qxd6 13. Bc1 e5 14. O-O Rd8 15. Bb2 Nxb2 16. Qxb2 Be6 17. Qb4 Qc7 18. Rac1 Rac8 19. Ng5 Bd5 20. e4 Bc6 21. Rfe1 b6 22. f3 h6 23. Nh3 Bb7 24. Nf2 Qc5 25. Qb2 Rd3 26. Qb4 Rxc3 27. Rxc3 Qxc3 28. Qxc3 Rxc3 29. Ra1 Kf8 30. Bf1 Rxf3 31. Nd3 Nd7 32. Re1 g5 33. Kg2 Rf6 34. Nf2 Nc5 35. Kg1 h5 36. Nd3 Nxd3 37. Bxd3 Rd6 38. Bb1 Ke7 39. Rc1 Rd7 40. Kg2 f5 41. Rc4 Bxe4+ 42. Bxe4 fxe4 43. Rxe4 Kf6 44. Re3 g4 45. Kg1 Kf5 46. Kg2 e4 47. Rb3 Rd5 48. Kf2 b5 49. Ke3 a6 50. Rc3 Rd3+ 51. Rxd3 exd3 52. Kxd3 Ke5 53. Ke3 a5 54. Kd3 Kd5 55. Kc3 Ke4 0-1

[Event "Kragero Resort B 2020"]
[Site "Kragero"]
[Date "2020.02.23"]
[Round "9.1"]
[White "Austad, Eirik"]
[Black "Seo, Jung Hyun"]
[Result "1-0"]
[ECO "A28"]
[WhiteElo "1796"]
[BlackElo "1816"]
[Annotator "NA"]
[PlyCount "61"]
[EventDate "2020.02.19"]
[EventType "swiss"]
[EventCountry "NOR"]
[SourceTitle "playchess.com"]
[Source "ChessBase"]
[SourceQuality "1"]
[TimeControl "5400+30"]

1. c4 e5 2. Nc3 Nf6 3. Nf3 Nc6 4. a3 d5 5. cxd5 Nxd5 6. Qc2 Nxc3 7. bxc3 Qf6 8. e4 Bc5 9. Be2 Qg6 10. Nh4 Qg5 11. d4 $11 Qxh4 12. dxc5 O-O 13. O-O Qe7 14. Be3 Bd7 15. Rfd1 Rad8 16. Rab1 Bc8 17. Bc4 Rxd1+ 18. Qxd1 a6 19. Qa4 Nb8 20. Qb3 Rd8 21. Rf1 c6 22. f4 exf4 23. Bxf4 Be6 24. Bxe6 Qxc5+ 25. Kh1 fxe6 26. Qxe6+ Kh8 27. Bd6 Qb5 28. c4 Qb2 29. Qe7 Rg8 30. Be5 Qe2 31. Qxg7+ 1-0

[Event "Kragero Resort B 2020"]
[Site "Kragero"]
[Date "2020.02.23"]
[Round "9.2"]
[White "Solaas, Timian Martinius Man"]
[Black "Westrum, Kim Roger Hansen"]
[Result "0-1"]
[ECO "C56"]
[WhiteElo "1741"]
[BlackElo "1809"]
[Annotator "NA"]
[PlyCount "92"]
[EventDate "2020.02.19"]
[EventType "swiss"]
[EventCountry "NOR"]
[SourceTitle "playchess.com"]
[Source "ChessBase"]
[SourceQuality "1"]
[TimeControl "5400+30"]

1. e4 e5 2. Nf3 Nc6 3. d4 exd4 4. Bc4 Nf6 5. e5 d5 6. Bb5 Ne4 7. Nxd4 a6 8. Bxc6+ bxc6 9. Nxc6 Qd7 10. Nd4 c5 11. Nf3 Be7 12. O-O Bb7 13. Re1 Qc6 14. Nbd2 O-O-O $16 (14... O-O $11 {keeps the balance.}) 15. Qe2 g5 16. Nxe4 dxe4 17. Nxg5 Rhg8 18. Nxe4 Qxe4 19. Qxe4 Bxe4 20. g3 Bf3 21. Be3 Rd5 22. Bf4 Rgd8 23. Kf1 Rd1 24. c3 Kb7 25. Raxd1 Rxd1 26. Rxd1 Bxd1 27. Ke1 Bc2 28. b3 c4 29. b4 Kc6 30. Kd2 Bd3 31. a4 Kd5 32. Kd1 Bf8 33. Kd2 Bg7 34. Be3 Bxe5 35. Bb6 Ke4 36. Be3 Kf3 37. b5 axb5 38. axb5 Kg2 39. h4 Kf3 40. b6 Be4 41. Bc5 f5 42. Bd4 Bxd4 43. cxd4 Kxf2 44. Kc3 Bd5 45. Kb4 Kxg3 46. Kc5 Bb7 0-1

[Event "Kragero Resort B 2020"]
[Site "Kragero"]
[Date "2020.02.23"]
[Round "9.3"]
[White "Skaslien, Ingrid"]
[Black "Halvorsen, Benjamin"]
[Result "1-0"]
[ECO "A80"]
[WhiteElo "1847"]
[BlackElo "1861"]
[Annotator "NA"]
[PlyCount "105"]
[EventDate "2020.02.19"]
[EventType "swiss"]
[EventCountry "NOR"]
[SourceTitle "playchess.com"]
[Source "ChessBase"]
[SourceQuality "1"]
[TimeControl "5400+30"]

1. d4 f5 2. Bg5 Nf6 3. Bxf6 exf6 4. e3 d5 5. c4 c6 6. cxd5 cxd5 7. Nc3 Be6 8. Bd3 Nc6 9. a3 a6 10. Nge2 Bd6 11. Ng3 Qd7 12. Qf3 f4 13. Nh5 $17 (13. Nge2 $11 {remains equal.}) 13... Bg4 14. Qxd5 Ne7 15. Nxg7+ Kf8 16. Qb3 Kxg7 17. O-O f3 18. g3 Bh3 19. Rfe1 h5 20. Ne4 Nf5 21. Nd2 Bg2 22. Be4 Rab8 23. Nxf3 Bxf3 24. Bxf3 Nh6 25. Qd5 Ng4 26. h3 Nh6 27. e4 Rbd8 28. e5 Bb8 29. Qxb7 Qxb7 30. Bxb7 Rxd4 31. exf6+ Kxf6 32. Bxa6 Rd2 33. Re2 Rhd8 34. Rae1 R8d6 35. Rxd2 Rxd2 36. Re2 Rd6 37. Bc4 Nf5 38. Kg2 Ba7 39. g4 Nd4 40. Re8 h4 41. Rf8+ Kg6 42. f4 Nc2 43. Kf3 Rd2 44. f5+ Kg5 45. Rg8+ Kh6 46. g5+ Kh7 47. g6+ Kh6 48. Rh8+ Kg5 49. g7 Rf2+ 50. Ke4 Rf4+ 51. Kd3 Ne1+ 52. Ke2 Re4+ 53. Kd1 1-0

[Event "Kragero Resort B 2020"]
[Site "Kragero"]
[Date "2020.02.23"]
[Round "9.4"]
[White "Hausken, Andreas Skrede"]
[Black "Sekkingstad, Thomas"]
[Result "1-0"]
[ECO "B12"]
[WhiteElo "1856"]
[BlackElo "1758"]
[Annotator "NA"]
[PlyCount "89"]
[EventDate "2020.02.19"]
[EventType "swiss"]
[EventCountry "NOR"]
[SourceTitle "playchess.com"]
[Source "ChessBase"]
[SourceQuality "1"]
[TimeControl "5400+30"]

1. e4 c6 2. d4 d5 3. e5 Bf5 4. h4 h6 5. Bd3 Bxd3 6. Qxd3 e6 7. Nf3 c5 8. c4 Nc6 9. cxd5 Qxd5 10. Nc3 Qd7 11. Be3 cxd4 12. Bxd4 Bc5 13. Rd1 $11 Bxd4 14. Nxd4 Rd8 15. Ncb5 Nxe5 16. Qg3 f6 17. f4 Nc6 18. Qg6+ Kf8 19. O-O Nge7 20. Qg4 f5 21. Qe2 Kf7 22. Nxf5 Nxf5 23. Rxd7+ Rxd7 24. Re1 Ncd4 25. Nxd4 Nxd4 26. Qh5+ g6 27. Qe5 Rhd8 28. h5 Rd5 29. hxg6+ Kxg6 30. Qe4+ Kg7 31. Re3 Nf5 32. Rb3 Kf6 33. Qb4 R8d7 34. Qf8+ Kg6 35. Qg8+ Kf6 36. Rc3 Rd8 37. Qg4 R5d7 38. Rb3 Rg7 39. Qe2 Rd5 40. Qf2 Rd4 41. Rb5 Rd1+ 42. Kh2 a6 43. Rxf5+ exf5 44. Qb6+ Kf7 45. Qb3+ 1-0

[Event "Kragero Resort B 2020"]
[Site "Kragero"]
[Date "2020.02.23"]
[Round "9.5"]
[White "Rynning, Rune Kleiven"]
[Black "Strand, Amund Pihl"]
[Result "0-1"]
[ECO "B44"]
[WhiteElo "1625"]
[BlackElo "1806"]
[Annotator "NA"]
[PlyCount "88"]
[EventDate "2020.02.19"]
[EventType "swiss"]
[EventCountry "NOR"]
[SourceTitle "playchess.com"]
[Source "ChessBase"]
[SourceQuality "1"]
[TimeControl "5400+30"]

1. e4 c5 2. Nf3 e6 3. c4 Nc6 4. d4 cxd4 5. Nxd4 Nf6 6. Nc3 Bb4 7. Nxc6 bxc6 8. Bg5 e5 9. Qc2 O-O 10. Be2 $11 Be7 11. O-O Bb7 12. Rfd1 Qc7 13. Rd3 h6 14. Bh4 Rad8 15. Rad1 Rfe8 16. Qd2 Bc8 17. Bxf6 Bxf6 18. Bg4 Bg5 19. Qe2 Be7 20. Qf3 d6 21. Ne2 Bxg4 22. Qxg4 Qd7 23. Qh5 Qe6 24. b3 Bf8 25. Ng3 g6 26. Qe2 a5 27. h4 h5 28. Nf1 a4 29. Ne3 axb3 30. axb3 Qf6 31. g3 Ra8 32. Kg2 Ra3 33. Rh1 Rb8 34. g4 Rbxb3 35. Rxb3 Rxb3 36. gxh5 gxh5 37. Rh3 Qf4 38. Qxh5 Qxe4+ 39. Kh2 Bg7 40. Rg3 Rb1 41. Rg2 Qf4+ 42. Rg3 Qxf2+ 43. Kh3 Rh1+ 44. Kg4 Qf4# 0-1

[Event "Kragero Resort B 2020"]
[Site "Kragero"]
[Date "2020.02.23"]
[Round "9.6"]
[White "Opseth, Oliver"]
[Black "Digernes, Mikael"]
[Result "1-0"]
[ECO "B18"]
[WhiteElo "1894"]
[BlackElo "1748"]
[Annotator "NA"]
[PlyCount "99"]
[EventDate "2020.02.19"]
[EventType "swiss"]
[EventCountry "NOR"]
[SourceTitle "playchess.com"]
[Source "ChessBase"]
[SourceQuality "1"]
[TimeControl "5400+30"]

1. e4 c6 2. d4 d5 3. Nc3 dxe4 4. Nxe4 Bf5 5. Ng3 Bg6 6. Nf3 Nd7 7. Bd3 Bxd3 8. Qxd3 Ngf6 9. Bg5 e6 10. O-O Be7 11. Rad1 O-O 12. Ne5 {[%emt 0:00:23] B18: Classical Caro-Kann: 4...Bf5 sidelines.} h6 13. Bc1 Qc7 14. Rfe1 {[%emt 0:01:52] [#]} Rad8 $146 ({Predecessor:} 14... Nxe5 15. dxe5 Nd5 16. c4 Nb6 17. b3 Rad8 18. Qe3 Bb4 19. Rf1 Qe7 20. h3 Rd7 {1-0 (52) Demirtas,S (1551)-Sat,B (1251) Manavgat 2016}) 15. Qf3 c5 16. c3 (16. Nxd7 $11 {keeps the balance.} Rxd7 17. dxc5) 16... cxd4 17. cxd4 Nd5 18. Nh5 N7f6 19. Bxh6 $1 Nxh5 20. Qxh5 gxh6 21. Qxh6 Bf6 22. Rd3 Bg7 23. Rg3 f6 24. Re4 {[%emt 0:01:20] [#]} Rc8 $4 (24... Nf4 $1 $19 25. Qxf4 (25. Rxf4 Qc1#) 25... fxe5 26. Qxe5 Qxe5 27. Rxe5 Rxd4) 25. Rxg7+ Qxg7 26. Rg4 Qxg4 27. Nxg4 Rf7 28. h4 Rc4 $18 29. h5 Rxd4 30. Qg6+ Kf8 31. h6 Nf4 32. Qc2 Rdd7 33. g3 Rc7 34. Qe4 Nh3+ 35. Kg2 f5 36. Qb4+ Kg8 37. Ne5 Ng5 38. Nxf7 Nxf7 39. Qd4 Nxh6 40. Qd8+ Kf7 41. Qxc7+ Kf6 42. Qxb7 a5 43. b4 axb4 44. Qxb4 e5 45. a4 Nf7 46. a5 Nd8 47. a6 f4 48. gxf4 e4 49. a7 Ke6 50. Qb6+ 1-0

[Event "Kragero Resort B 2020"]
[Site "Kragero"]
[Date "2020.02.23"]
[Round "9.7"]
[White "Aasen, Joakim"]
[Black "Aasen, Kjetil Myrlid"]
[Result "1/2-1/2"]
[ECO "B19"]
[WhiteElo "1745"]
[BlackElo "1892"]
[Annotator "NA RC"]
[PlyCount "63"]
[EventDate "2020.02.19"]
[EventType "swiss"]
[EventCountry "NOR"]
[SourceTitle "playchess.com"]
[Source "ChessBase"]
[SourceQuality "1"]
[TimeControl "5400+30"]

1. e4 c6 2. d4 d5 3. Nc3 dxe4 4. Nxe4 Bf5 5. Ng3 Bg6 $1 6. h4 h6 7. Nf3 Nf6 8. h5 Bh7 9. Bd3 Bxd3 10. Qxd3 Nbd7 11. Ne4 Nxe4 12. Qxe4 Nf6 13. Qe2 e6 14. Bd2 Qc7 15. O-O-O O-O-O {[%emt 0:00:21] B19: Classical Caro-Kann: 4...Bf5 main line.} 16. c3 Bd6 17. g3 Rhe8 {[%emt 0:01:18] [#]} 18. Kb1 $146 ({Predecessor:} 18. c4 c5 19. Bc3 cxd4 20. Nxd4 a6 21. Nb3 Kb8 22. Rd2 Re7 23. c5 {1-0 (23) Prokopp,H-Kiss,G ICCF corr 1988}) 18... Kb8 19. Rde1 c5 20. dxc5 Bxc5 21. Bf4 Bd6 22. Bxd6 Rxd6 23. Rd1 Rxd1+ 24. Rxd1 Rd8 25. Rxd8+ Qxd8 26. Ne5 Qc7 27. g4 Nd5 28. f3 f6 29. Nc4 e5 30. Qd3 Nf4 31. Qd6 Qxd6 32. Nxd6 $16 1/2-1/2

[Event "Kragero Resort B 2020"]
[Site "Kragero"]
[Date "2020.02.23"]
[Round "9.8"]
[White "Bernstein, Jonas August"]
[Black "Amundsen, Ask"]
[Result "1-0"]
[ECO "D14"]
[WhiteElo "1798"]
[BlackElo "1707"]
[Annotator "NA"]
[PlyCount "127"]
[EventDate "2020.02.19"]
[EventType "swiss"]
[EventCountry "NOR"]
[SourceTitle "playchess.com"]
[Source "ChessBase"]
[SourceQuality "1"]
[TimeControl "5400+30"]

1. d4 Nf6 2. Nf3 d5 3. c4 c6 4. cxd5 cxd5 5. Nc3 Nc6 6. Bf4 Bf5 7. Qb3 Qd7 8. e3 a6 9. Ne5 Nxe5 10. dxe5 Ne4 11. Qxd5 Nxc3 12. Qxd7+ Kxd7 13. bxc3 Rc8 14. Rd1+ Ke8 15. Bd3 e6 16. e4 Bg6 17. c4 Bb4+ 18. Ke2 Ke7 19. Rb1 a5 20. Bd2 Ra8 21. a4 Ra7 22. Bxb4+ axb4 23. Rxb4 Rha8 24. Rhb1 Rxa4 25. Rxa4 Rxa4 26. Rxb7+ Kd8 27. Rb2 Kc7 28. Ke3 Kc6 29. Kd4 Ra5 30. f3 f6 31. f4 Bf7 32. Bb1 Ra6 33. Ba2 h5 34. g3 Ra8 35. Bb3 Rd8+ 36. Ke3 Kc5 37. Rd2 Rxd2 38. Kxd2 Kd4 39. exf6 gxf6 40. c5 Kxc5 41. f5 Kd6 42. fxe6 Bxe6 43. Bxe6 Kxe6 44. Ke3 Ke5 45. Kf3 f5 46. exf5 Kxf5 47. h3 Ke5 48. Ke3 Kf5 49. Kd4 h4 50. g4+ Kf4 51. Kd3 Kg3 52. g5 Kxh3 53. g6 Kh2 54. g7 h3 55. Ke2 Kh1 56. Kf1 h2 57. Ke2 Kg1 58. g8=Q+ Kh1 59. Qd5+ Kg1 60. Qd4+ Kh1 61. Qe4+ Kg1 62. Qg4+ Kh1 63. Qf3+ Kg1 64. Qf1# 1-0

[Event "Kragero Resort B 2020"]
[Site "Kragero"]
[Date "2020.02.23"]
[Round "9.9"]
[White "Shehzad, Alisha"]
[Black "Sejersted, Adrian"]
[Result "1/2-1/2"]
[ECO "B01"]
[WhiteElo "1705"]
[BlackElo "1788"]
[Annotator "NA"]
[PlyCount "192"]
[EventDate "2020.02.19"]
[EventType "swiss"]
[EventCountry "NOR"]
[SourceTitle "playchess.com"]
[Source "ChessBase"]
[SourceQuality "1"]
[TimeControl "5400+30"]

1. e4 d5 2. exd5 Qxd5 3. Nc3 Qd8 4. d4 Nf6 5. Nf3 Bg4 6. h3 Bxf3 7. Qxf3 c6 8. Bf4 e6 9. O-O-O Bd6 10. Bxd6 Qxd6 11. Ne4 Nxe4 12. Qxe4 Nd7 13. Be2 Nf6 14. Qe5 O-O-O 15. Qxd6 Rxd6 16. Bf3 Rhd8 17. c3 Kc7 18. Kc2 b5 19. a3 a5 20. b4 Kb6 21. Rhe1 Ra8 22. Ra1 Rd7 23. g3 Rda7 24. Kb2 Nd5 25. Bxd5 cxd5 26. bxa5+ Rxa5 27. f4 g6 28. g4 Kc6 29. h4 h6 30. g5 hxg5 31. hxg5 Ra4 32. Rh1 R8a7 33. Rhe1 Kb6 34. Rh1 Rc4 35. Rh3 Ka5 36. Re3 Ka4 37. Rh3 Rc8 38. Rh2 Rac7 39. Rh3 Ka5 40. Re1 Kb6 41. Rc1 Ra7 42. Ra1 Kc6 43. Rd1 Kd6 44. Re1 Ke7 45. Rh2 Rca8 46. Ra1 Rf8 47. Rh7 Raa8 48. Rah1 Kd6 49. R7h6 Rg8 50. Rg1 Raf8 51. Kb3 f6 52. gxf6 Rxf6 53. Rg4 Rg7 54. Kb4 Kc6 55. Rh3 Rf8 56. Rhg3 Re7 57. Rg1 Kd6 58. R1g2 Ra7 59. Rg1 Ra4+ 60. Kb3 Rc4 61. R1g3 Ra4 62. Rg1 Ra7 63. Re1 Rf6 64. Reg1 Rc7 65. R1g2 Rcf7 66. Rxg6 Rxf4 67. Re2 Re4 68. Rxe4 dxe4 69. Rg2 Kd5 70. Kb4 Rf3 71. Rg5+ Rf5 72. Rg2 e3 73. Kxb5 e5 74. dxe5 Rf2 75. Rg1 Rc2 76. Kb4 Rb2+ 77. Ka5 Kxe5 78. Re1 e2 79. a4 Kd5 80. Ka6 Kc4 81. a5 Kxc3 82. Ka7 Kc4 83. a6 Kc5 84. Ka8 Kc6 85. a7 Rd2 86. Rc1+ Kb6 87. Rb1+ Kc7 88. Rc1+ Kd7 89. Kb8 Rb2+ 90. Ka8 Rb4 91. Re1 Re4 92. Kb7 Rb4+ 93. Ka6 Kc6 94. Ka5 Kd7 95. Ka6 Ra4+ 96. Kb7 Rb4+ 1/2-1/2

[Event "Kragero Resort B 2020"]
[Site "Kragero"]
[Date "2020.02.23"]
[Round "9.10"]
[White "Haug, Havard"]
[Black "Nordquelle, Amelia"]
[Result "1-0"]
[ECO "B22"]
[WhiteElo "1626"]
[BlackElo "1768"]
[Annotator "NA"]
[PlyCount "159"]
[EventDate "2020.02.19"]
[EventType "swiss"]
[EventCountry "NOR"]
[SourceTitle "playchess.com"]
[Source "ChessBase"]
[SourceQuality "1"]
[TimeControl "5400+30"]

1. e4 c5 2. c3 d5 3. exd5 Qxd5 4. d4 e6 5. Be3 cxd4 6. cxd4 Nf6 7. Nc3 Qd8 8. Nf3 a6 9. Bc4 b5 10. Bd3 Bb7 11. a3 Be7 12. O-O O-O 13. Ne5 Nd5 14. Qh5 g6 15. Qh6 Nd7 16. Nxd7 Qxd7 17. Ne4 Nxe3 18. fxe3 Qd8 19. Rad1 f5 20. Nc3 Bg5 21. Qh3 Qb6 22. Kh1 Rad8 23. Bb1 Rfe8 24. Ba2 Kh8 25. Qg3 Bh6 26. Qh3 Kg7 27. Qg3 Kh8 28. Qh3 Bg7 29. Qg3 a5 30. Bb3 b4 31. Na4 Qb5 32. Nc5 bxa3 33. Ba4 Qb6 34. Bxe8 Rxe8 35. Nxb7 Qxb7 36. bxa3 Qb3 37. Rb1 Qxa3 38. Rb8 Qf8 39. Rfb1 e5 40. Rxe8 Qxe8 41. dxe5 Bxe5 42. Qe1 Bc7 43. Qc3+ Qe5 44. Qxe5+ Bxe5 45. Rb7 Bd6 46. Kg1 Bc5 47. Kf2 f4 48. Kf3 fxe3 49. Rb5 Bb4 50. Kxe3 Kg7 51. Rb7+ Kh6 52. Kf3 Bc5 53. h4 Bb4 54. g4 g5 55. hxg5+ Kg6 56. Rb5 Bd2 57. Kg3 Bb4 58. Rd5 Bc3 59. Kf4 Bb4 60. Rd7 a4 61. Rd4 Bc3 62. Rxa4 Bd2+ 63. Kf3 Kxg5 64. Rd4 Bc1 65. Rd5+ Kg6 66. Kg3 Bg5 67. Rd6+ Kf7 68. Kf3 Ke7 69. Ra6 Kf7 70. Ke4 Be7 71. Kf5 Kg7 72. Ra7 Kf7 73. Rb7 Kf8 74. g5 Bc5 75. Rxh7 Bd4 76. Rb7 Bc3 77. Kg6 Bd2 78. Rf7+ Kg8 79. Rd7 Ba5 80. Ra7 1-0

[Event "Kragero Resort B 2020"]
[Site "Kragero"]
[Date "2020.02.23"]
[Round "9.11"]
[White "Olsen, William Alexander"]
[Black "Ostensen, Nicolai Maxime"]
[Result "1-0"]
[ECO "D53"]
[WhiteElo "1862"]
[BlackElo "1658"]
[Annotator "NA"]
[PlyCount "81"]
[EventDate "2020.02.19"]
[EventType "swiss"]
[EventCountry "NOR"]
[SourceTitle "playchess.com"]
[Source "ChessBase"]
[SourceQuality "1"]
[TimeControl "5400+30"]

1. d4 d5 2. c4 e6 3. Nc3 Nf6 4. Bg5 c6 5. e3 h6 6. Bh4 Be7 7. Nf3 Nbd7 8. Bd3 Nb6 {[%emt 0:04:35] D53: Queen's Gambit Declined: 4 Bg5 Be7: Early deviations.} (8... O-O $11) 9. c5 Nbd7 10. b4 O-O 11. O-O Ng4 12. Bg3 f5 (12... b6 $16 {keeps fighting.}) 13. b5 Ngf6 (13... Qa5 $16 {might work better.}) 14. Qa4 Ne4 15. Bxe4 $16 {[%emt 0:07:35] [#]} (15. bxc6 $18 {is the precise move to win.} Nxc3 16. cxb7 Bxb7 17. Qb4) 15... dxe4 $146 ({Predecessor:} 15... fxe4 16. Nd2 Nb8 17. Bxb8 Rxb8 18. Qxa7 Bd7 19. bxc6 Bxc6 20. Rab1 Ra8 21. Qb6 Qxb6 22. Rxb6 {½-½ (54) Szulgacz,M (1484)-Sobkowski,K (1536) Bydgoszcz 2008}) 16. Nd2 Nxc5 17. Qc4 Nd3 18. bxc6 bxc6 19. f3 Nb4 20. Rfc1 exf3 21. Nxf3 Bd7 22. Ne5 Kh7 23. Rab1 Nd5 24. e4 Nxc3 25. Rxc3 fxe4 26. Qe2 Bf6 27. Qxe4+ Kg8 28. Ng4 Qa5 29. Rc5 Qd2 30. Nxf6+ Rxf6 31. Rc2 Qa5 32. Be5 Rf7 33. Rcb2 Rc8 34. Qg6 Qd8 35. Rb7 a5 36. Ra7 Qf8 37. h3 Qe8 38. Kh2 c5 39. Rf1 Re7 40. Qxe8+ Rcxe8 41. Bd6 1-0